 Dungeon Crawl Stone Soup version 0.31-a0-1612-g4aaf141 (webtiles) character file.

Game seed: 7400966599501610551

5603 dontsmiteme the Cleaver (level 10, -5/86 HPs)
             Began as a Minotaur Fighter on Jan 9, 2024.
             Was a Priest of Okawaru.
             Shot with an arrow by a centaur warrior (21 damage)
             ... on level 9 of the Dungeon.
             The game lasted 00:12:02 (8251 turns).

dontsmiteme the Cleaver (Minotaur Fighter)          Turns: 8251, Time: 00:12:02

Health: -5/86      AC: 13    Str: 22    XL:     10   Next: 45%
Magic:  12/12      EV: 10    Int:  5    God:    Okawaru [***...]
Gold:   271        SH: 11    Dex: 13    Spells: 9/9 levels left

rFire   . . .        C - +4 broad axe (elec)
rCold   + + .        c - +0 buckler
rNeg    . . .        D - +3 ring mail {rC+}
rPois   .            (helmet restricted)
rElec   .            u - +1 cloak
rCorr   +            (no gloves)
SInv    .            j - +0 pair of boots
Will    .....        i - amulet of reflection
Stlth   +            g - ring of resist corrosion
HPRegen 0.34/turn    q - ring of protection from cold
MPRegen 0.13/turn

%: reflection
@: no status effects
A: horns 2, retaliatory headbutt
a: Renounce Religion, Heroism


You were on level 9 of the Dungeon.
You worshipped Okawaru.
Okawaru was most pleased with you.
You visited 2 branches of the dungeon, and saw 10 of its levels.

You collected 488 gold pieces.
You spent 217 gold pieces at shops.

Inventory:

Hand Weapons
 B - a +3 morningstar
 C - a +4 broad axe of electrocution (weapon)
Missiles
 h - 3 throwing nets
 n - 2 silver javelins
 v - 2 javelins
 A - 3 curare-tipped darts (quivered)
Armour
 c - a +0 buckler (worn)
 j - a +0 pair of boots (worn)
 u - a +1 cloak (worn)
 D - a +3 ring mail of cold resistance (worn)
Jewellery
 a - an amulet of the acrobat
 g - a ring of resist corrosion (left hand)
 i - an amulet of reflection (around neck)
 q - a ring of protection from cold (right hand)
Wands
 d - a wand of flame (35)
 w - a wand of charming (24)
 y - a wand of iceblast (7)
Scrolls
 l - a scroll of fear
 o - a scroll of identify
 p - a scroll of blinking
 r - a scroll of revelation
 s - a scroll of fog
 t - 2 scrolls of teleportation
Potions
 b - 2 potions of attraction
 e - a potion of brilliance
 f - a potion of heal wounds {unknown}
 k - a potion of might
 m - 4 potions of haste
 x - 2 potions of magic {unknown}
 z - 4 potions of curing


   Skills:
 + Level 7.2 Fighting
 + Level 14.3 Axes
 + Level 7.2 Armour
 + Level 7.1 Shields
 + Level 4.4 Invocations


You had 9 spell levels left.
You didn't know any spells.
Your spell library contained the following spells:

 Spells                   Type           Power      Damage    Failure   Level
 Kiss of Death            Conj/Necr      0%         2d5       67%         1
 Magic Dart               Conj           0%         1d3       67%         1
 Searing Ray              Conj           0%         2d4       82%         2
 Static Discharge         Conj/Air       0%         3-3/arc   82%         2
 Confusing Touch          Hex            0%         N/A       96%         3
 Frozen Ramparts          Ice            0%         1d1       96%         3
 Airstrike                Air            0%         2d(0-16)  100%        4
 Dispel Undead            Necr           0%         3d6       100%        4
 Fulminant Prism          Conj/Alch      0%         3d5       100%        4
 Leda's Liquefaction      Alch/Erth      0%         N/A       100%        4
 Petrify                  Alch/Erth      0%         N/A       100%        4
 Metabolic Englaciation   Hex/Ice        0%         N/A       100%        5
 Summon Lightning Spire   Summ/Air       Unusable   N/A       N/A         4

Dungeon Overview and Level Annotations

Branches:
Dungeon (9/15)             Temple (1/1) D:6             Orc (0/2) D:9
   Lair: D:8-11

Altars:
Ashenzari
Cheibriados
Dithmenos
Elyvilon
Fedhas
Gozag
Hepliaklqana
Kikubaaqudgha
Makhleb
Nemelex Xobeh
Okawaru
Qazlal
Ru
Trog
Uskayaw
Vehumet
Wu Jian
Xom
Yredelemnul
Zin
The Shining One

Shops:
D:1 (   D:9 ((

Annotations:
D:6 3 runed translucent doors, squeakweiz's ghost, novice MiFi


Innate Abilities, Weirdness & Mutations

You have a pair of horns on your head.
You reflexively headbutt those who attack you in melee.


Message History

You enter the shallow water.
Moving in this stuff is going to be slow.
A gnoll comes into view. It is wielding a +0 flail.
The gnoll shouts!
A centaur warrior comes into view.
Found an amethyst potion.
The centaur warrior shouts!
You hear a shout!
You block the gnoll's attack.
You slash the gnoll!
You kill the gnoll!
Okawaru accepts your kill.
The centaur warrior wields a +0 orcbow.
The centaur warrior shoots an arrow.
The arrow closely misses you.
A gnoll comes into view. It is wielding a +0 club.
The gnoll shouts!
A centaur warrior comes into view.
The centaur warrior shoots an arrow.
The arrow barely misses you.
Found a robe.
The centaur warrior shoots an arrow.
The arrow closely misses you.
A boulder beetle comes into view.
The centaur warrior shoots an arrow.
You block the arrow with an invisible shield... and reflect it back!
The arrow hits the centaur warrior!
You hear a shout! x2
The centaur warrior shoots an arrow.
The arrow misses you.
The centaur warrior wields a +1 heavy shortbow.
The centaur warrior shoots an arrow.
The arrow hits you!
Things that are here:
a +0 flail; a gnoll corpse The centaur warrior shoots an arrow.
The arrow hits you!
The centaur warrior shoots an arrow.
The arrow hits you!!
The centaur warrior shoots an arrow.
The arrow hits you.
The centaur warrior shoots an arrow.
You block the arrow with an invisible shield... and reflect it back!
The arrow hits the centaur warrior!!
The centaur warrior shoots an arrow.
The arrow hits you!!
* * * LOW HITPOINT WARNING * * *
The centaur warrior shoots an arrow.
The arrow barely misses you.
The centaur warrior shoots an arrow.
The arrow hits you!!
You die...

...~~~≈≈~.##
##...#~~~~##
#....##...# .
..........## .
#.........#
.......#.##
###...#.# ##....#
... ##.@## #....
#.## ...... ##.#
...... [.#+++#.)#
....# ......g..#
...## .........#
..... ...!.....#
..## .....cc..#
...###..........#


You could see 2 centaur warriors and a gnoll.

Vanquished Creatures
  A wyvern (D:7)
  11 yaks
  Edmund (D:4)
  3 orc warriors
  An ice beast (D:6)
  2 black bears
  A wolf (D:9)
  2 ogres
  A centaur (D:5)
  A phantom (D:5)
  A kobold brigand (D:7)
  A bullfrog (D:9)
  3 gnoll sergeants
  A scorpion (D:7)
  12 wights
  5 howler monkeys
  An electric eel (D:7)
  A bombardier beetle (D:4)
  2 gnoll boudas (D:9)
  9 hounds
  9 orc priests
  Ijyb (D:5)
  13 orc wizards
  2 iguanas
  30 gnolls
  10 adders
  2 shadow imps (D:5)
  A white imp (D:8)
  A dart slug (D:1)
  5 ribbon worms
  46 orcs
  7 endoplasms
  5 giant cockroaches
  5 goblins
  5 hobgoblins
  10 jackals
  3 quokkas
  7 ball pythons
  4 bats
  A frilled lizard (D:2)
  12 kobolds
  6 rats
245 creatures vanquished.

Notes
Turn   | Place    | Note
-------+----------+-------------------------------------------
     0 | D:1      | dontsmiteme the Minotaur Fighter began the quest for the
                  | Orb.
     0 | D:1      | Reached XP level 1. HP: 19/19 MP: 0/0
   150 | D:1      | Reached XP level 2. HP: 27/27 MP: 1/1
   212 | D:1      | Reached skill level 3 in Axes
   278 | D:1      | Found Uheustr Yklit's Antique Weapon Shop.
   970 | D:2      | Reached XP level 3. HP: 27/33 MP: 2/2
   978 | D:2      | HP: 1/33 [gnoll/+0 flail (3)]
  1111 | D:2      | Reached XP level 4. HP: 30/40 MP: 3/3
  1359 | D:3      | Reached skill level 4 in Axes
  1397 | D:3      | Reached XP level 5. HP: 21/47 MP: 4/4
  1755 | D:3      | Reached skill level 5 in Axes
  1781 | D:3      | Found a hide-covered altar of Uskayaw.
  1781 | D:3      | Found a burning altar of Makhleb.
  2631 | D:2      | Found an ornate altar of the Wu Jian Council.
  3200 | D:4      | Found a broken altar of Ashenzari.
  3210 | D:4      | Noticed Edmund
  3231 | D:4      | Killed Edmund
  3232 | D:4      | Reached skill level 6 in Axes
  3232 | D:4      | Reached XP level 6. HP: 35/53 MP: 5/5
  3358 | D:4      | Reached skill level 7 in Axes
  3805 | D:4      | Reached skill level 8 in Axes
  3813 | D:4      | Reached XP level 7. HP: 52/60 MP: 6/6
  3899 | D:5      | Entered Level 5 of the Dungeon
  3899 | D:5      | Found a blossoming altar of Fedhas.
  3996 | D:5      | Reached skill level 9 in Axes
  4262 | D:5      | Noticed Ijyb
  4267 | D:5      | Killed Ijyb
  4279 | D:5      | Reached skill level 10 in Axes
  4320 | D:5      | Reached XP level 8. HP: 26/67 MP: 7/7
  4830 | D:5      | You fall into a shaft and drop 3 floors!
  4880 | D:7      | Reached skill level 11 in Axes
  5064 | D:6      | Reached skill level 12 in Axes
  5284 | D:6      | Found a bloodstained altar of Trog.
  5693 | D:6      | Reached skill level 13 in Axes
  5867 | D:6      | Found a runed translucent gate.
  5867 | D:6      | Identified the +5 chain mail of the Devil's Advocate {*Slow
                  | Str+3 Dex+2}
  5867 | D:6      | Noticed squeakweiz's ghost (novice MiFi)
  5868 | D:6      | Found a runed translucent gate.
  5870 | D:6      | Found a runed translucent gate.
  5958 | D:6      | Found a staircase to the Ecumenical Temple.
  5972 | Temple   | Entered the Ecumenical Temple
  5992 | Temple   | Became a worshipper of Warmaster Okawaru
  6429 | D:7      | Reached XP level 9. HP: 72/72 MP: 8/8
  6580 | D:7      | Reached skill level 1 in Invocations
  6696 | D:7      | Reached skill level 5 in Armour
  6696 | D:7      | Reached skill level 5 in Shields
  6718 | D:7      | Reached skill level 5 in Fighting
  6951 | D:7      | Reached * piety under Okawaru
  6983 | D:7      | Found a shadowy altar of Dithmenos.
  7299 | D:8      | Reached ** piety under Okawaru
  7427 | D:8      | Found a sparkling altar of Nemelex Xobeh.
  7446 | D:8      | Found a radiant altar of Vehumet.
  7516 | D:8      | Reached skill level 14 in Axes
  7742 | D:9      | Found a staircase to the Orcish Mines.
  7784 | D:9      | Found Usham's Antique Weapon Shoppe.
  7786 | D:9      | Reached XP level 10. HP: 77/83 MP: 11/11
  7880 | D:9      | Found Limexzy's Antique Weapon Shoppe.
  7888 | D:9      | Bought a glowing broad axe for 217 gold pieces
  7942 | D:9      | Reached *** piety under Okawaru
  8244 | D:9      | Noticed a centaur warrior
  8246 | D:9      | Noticed a centaur warrior
  8247 | D:9      | Noticed a boulder beetle
  8251 | D:9      | Shot with an arrow by a centaur warrior

Illustrated notes

Levels and vault maps discovered:
D:1:      dpeg_arrival_signposts, layout_loops_ring, serial_shops,
          nicolae_shop_behind_doors
D:2:      layout_basic, basic_altar
D:3:      layout_basic, mainiacjoe_overflow_divided_tiny,
          minmay_stone_trees_large
D:4:      layout_rooms, mainiacjoe_overflow_chevrons, minmay_diced_spiral,
          uniq_edmund
D:5:      layout_layer_cave, fedhas_bush_and_centaur_altar, nrook_campfire,
          uniq_ijyb
D:6:      layout_basic, mainiacjoe_overflow_concentric_impassable,
          minmay_temple_entry_hall, biasface_ghost_orc_armoury,
          chequers_serial_rivers_large_b
D:7:      layout_rooms, mainiacjoe_overflow_surrounded_room, minivault_4,
          grunt_ministairs_15
D:8:      layout_rooms, nicolae_vehumet_radiance, nemelex_spade_bored_becter
D:9:      wander_river, layout_cave_pools, minmay_orc_entry_temple_small,
          serial_gnoll_camp, gnoll_camp_mini_loothouse, gnoll_camp_mini_hut,
          grums_kennel, gnoll_camp_mini_shop, gnoll_camp_mini_shop,
          gnoll_camp_huts_basic, minmay_misc_feat_square, minivault_28
Temple:   nicolae_temple_god_jail

Skill      XL: |  1  2  3  4  5  6  7  8  9 10 |
---------------+-------------------------------+-----
Axes           | 3 4 6 8 10 13 14 | 14.3
Fighting       | 4 6 7 |  7.2
Armour         | 4 6 7 |  7.2
Shields        | 4 6 7 |  7.1
Invocations    | 3 4 |  4.4

Action                     |  1- 3 |  4- 6 |  7- 9 | 10-12 || total
---------------------------+-------+-------+-------+-------++-------
  Melee: War axe           |    71 |   136 |   342 |    16 ||   565
         Headbutt          |    13 |    24 |    60 |    16 ||   113
         Broad axe         |       |       |       |    65 ||    65
  Throw: Throwing net      |       |       |     1 |       ||     1
         Dart              |       |       |     1 |       ||     1
    Use: Potion            |     1 |     1 |       |       ||     2
         Scroll            |       |       |    15 |       ||    15
 Armour: Scale mail        |    49 |    24 |       |       ||    73
         Chain mail        |       |    79 |   132 |       ||   211
         Ring mail         |       |       |    67 |    44 ||   111
  Dodge: Dodged            |    39 |    52 |    95 |    29 ||   215
  Block: Buckler           |    18 |    27 |    95 |    52 ||   192
         Reflection        |       |       |     5 |     4 ||     9

Table legend: (Time is in decaauts)
 A = Elapsed time spent in this place.
 B = Non-inter-level travel time spent in this place.
 C = Inter-level travel time spent in this place.
 D = Time resting spent in this place.
 E = Time spent auto-exploring this place.
 F = Levels seen in this place.
 G = Mean time per level.
                   A        B        C        D        E       F      G
               +--------+--------+--------+--------+--------+-----+--------+
         Total |   8302 |   7838 |    464 |    276 |   6125 |  10 |  830.2 |
       Dungeon |   8263 |   7835 |    428 |    276 |   6125 |   9 |  918.1 |
        Temple |     38 |      2 |     36 |      0 |      0 |   1 |   38.0 |
               +--------+--------+--------+--------+--------+-----+--------+

Top non-repeatable levels by time:
     D:6: 1399 daAuts
     D:2: 1335 daAuts
     D:3: 969 daAuts
     D:5: 909 daAuts
     D:1: 888 daAuts
     D:4: 791 daAuts
     D:7: 758 daAuts
     D:8: 662 daAuts
     D:9: 548 daAuts
  Temple: 38 daAuts
